 Dungeon Crawl Stone Soup version 0.30.1-11-g7821555f0a (webtiles) character file.

Game seed: 4955986290123067721

39449 Gabide the Eye of the Storm (level 14, -9/115 HPs)
             Began as a Merfolk Monk on Jan 5, 2024.
             Was a Priest of Qazlal.
             Mangled by Rupert
             ... wielding a +2 great mace of protection
              (28 damage)
             ... on level 5 of the Lair of Beasts.
             The game lasted 00:23:54 (14523 turns).

Gabide the Eye of the Storm (Merfolk Monk)         Turns: 14523, Time: 00:23:55

Health: -9/115     AC: 13    Str: 22    XL:     14   Next: 6%
Magic:  21/27      EV: 21    Int: 10    God:    Qazlal [***...]
Gold:   778        SH:  4    Dex: 22    Spells: 13/13 levels left

rFire   + + +        a - +1 glaive (flame)
rCold   . . .        (shield currently unavailable)
rNeg    . . .        n - +5 robe "Meepioco" {-Tele Contam rPois rF+++}
rPois   +            P - +2 helmet
rElec   .            z - +0 cloak {rF+}
rCorr   .            k - +0 pair of gloves
SInv    .            j - +0 pair of boots
Will    +....        C - amulet of regeneration
Stlth   +            q - +6 ring of strength
HPRegen 1.19/turn    I - +6 ring of dexterity
MPRegen 0.20/turn

%: no teleportation
@: no status effects
A: (nimble swimmer 2), mertail
a: Renounce Religion, Upheaval, Elemental Force


You were on level 5 of the Lair of Beasts.
You worshipped Qazlal.
Qazlal was most pleased with you.
You visited 3 branches of the dungeon, and saw 17 of its levels.
You also visited: Volcano.

You collected 1198 gold pieces.
You spent 420 gold pieces at shops.

Inventory:

Hand Weapons
 a - a +1 glaive of flaming (weapon)
 b - a +2 spear of draining
 v - a +0 trident
Missiles
 f - 3 throwing nets (quivered)
 L - 5 curare-tipped darts
Armour
 d - an orb of light
 j - a +0 pair of boots (worn)
 k - a +0 pair of gloves (worn)
 n - the +5 robe "Meepioco" (worn) {-Tele Contam rPois rF+++}
   (You found it on level 2 of the Dungeon)

   rF:        It renders you almost immune to fire.
   rPois:     It protects you from poison.
   -Tele:     It prevents most forms of teleportation.
   Contam:    It causes magical contamination when unequipped.
 z - a +0 cloak of fire resistance (worn)
 P - a +2 helmet (worn)
Jewellery
 e - a ring of magical power
 g - a ring of fire
 o - a ring of resist corrosion
 q - a +6 ring of strength (left hand)
 C - an amulet of regeneration (around neck)
 H - a ring of protection from fire
 I - a +6 ring of dexterity (right hand)
Wands
 c - a wand of iceblast (4)
 h - a wand of digging (4)
 p - a wand of flame (49)
 B - a wand of paralysis (9)
 D - a wand of acid (15)
 K - a wand of polymorph (8)
Scrolls
 m - 4 scrolls of amnesia
 r - 5 scrolls of torment
 t - 5 scrolls of teleportation
 y - a scroll of magic mapping
 E - a scroll of poison
 F - a scroll of fog
 G - a scroll of blinking
 J - a scroll of silence
 M - a scroll of fear
 S - a scroll of identify
Potions
 i - 2 potions of lignification
 l - 4 potions of invisibility
 s - 3 potions of resistance
 u - 2 potions of magic
 w - a potion of mutation
 x - 4 potions of curing
 A - a potion of cancellation
 N - 2 potions of flight
 O - 4 potions of haste
 Q - a potion of heal wounds
 T - a potion of berserk rage


   Skills:
 - Level 12.0 Fighting
 + Level 14.3 Polearms
 - Level 12.0 Dodging
 - Level 18.0 Invocations


You had 13 spell levels left.
You didn't know any spells.
Your spell library contained the following spells:

 Spells                   Type           Power      Damage    Failure   Level
 Apportation              Tloc           0%         N/A       36%         1
 Beastly Appendage        Tmut           0%         N/A       36%         1
 Magic Dart               Conj           0%         1d3       36%         1
 Necrotise                Necr           0%         1d4       36%         1
 Call Imp                 Summ           0%         N/A       50%         2
 Searing Ray              Conj           0%         2d4       50%         2
 Sublimation of Blood     Necr           0%         N/A       50%         2
 Wereblood                Tmut           0%         N/A       50%         2
 Dazzling Flash           Conj/Hex       0%         N/A       75%         3
 Gell's Gravitas          Tloc           0%         N/A       75%         3
 Ignite Poison            Fire/Tmut/Pois 0%         N/A       75%         3
 Mephitic Cloud           Conj/Pois/Air  0%         N/A       75%         3
 Ozocubu's Armour         Ice            0%         N/A       75%         3
 Spider Form              Tmut/Pois      0%         N/A       75%         3
 Teleport Other           Tloc           0%         N/A       75%         3
 Vampiric Draining        Necr           0%         2d6       75%         3
 Anguish                  Hex/Necr       0%         N/A       98%         4
 Cause Fear               Hex            0%         N/A       98%         4
 Fulminant Prism          Conj/Hex       0%         3d5       98%         4
 Sticky Flame             Conj/Fire      0%         2d3       98%         4
 Agony                    Necr           0%         N/A       100%        5
 Alistair's Intoxication  Tmut/Pois      0%         N/A       100%        5
 Metabolic Englaciation   Hex/Ice        0%         N/A       100%        5
 Silence                  Hex/Air        0%         N/A       100%        5
 Dispersal                Tloc           0%         N/A       100%        6
 Simulacrum               Ice/Necr       0%         N/A       100%        6
 Enfeeble                 Hex            0%         N/A       100%        7
 Summon Hydra             Summ           0%         N/A       100%        7
 Ignition                 Fire           0%         3d3       100%        8


Dungeon Overview and Level Annotations

Branches:
Dungeon (11/15)            Temple (1/1) D:7            Lair (5/5) D:11
 Shoals (0/4) Lair:3        Snake (0/4) Lair:3          Orc (0/2) D:11
Volcano (visited)
  Slime: Lair:4-5

Altars:
Ashenzari
Cheibriados
Dithmenos
Elyvilon
Fedhas
Gozag
Hepliaklqana
Kikubaaqudgha
Makhleb
Nemelex Xobeh
Okawaru
Qazlal
Ru
Sif Muna
Trog
Uskayaw
Vehumet
Wu Jian
Xom
Yredelemnul
Zin
The Shining One

Shops:
D:8 =

Annotations:
D:7 2 transporters, Nimbul's ghost, novice HuCj
D:8 3 runed translucent doors, Ijustatesigmund's ghost, novice OpCj; VerbalBBQ's ghost, novice FoFi
D:9 2 transporters, bimbombam's ghost, novice DrCj
Lair:5 Rupert


Innate Abilities, Weirdness & Mutations

((You are very nimble when in or above water. (Stealth+, EV+, Speed+++)))
Your lower body shifts to a powerful aquatic tail in water.


Message History

Aiming: Corrosive Bolt
Press: ? - help, Shift-Dir - straight line, f/p - Rupert
Aim: Rupert, wielding a +2 great mace of protection and wearing a +1 ring mail of cold resistance (heavily wounded, berserk, very poisoned, slow, 75% to hit)
The bolt of acid hits Rupert.
The acid corrodes Rupert!
Rupert is severely wounded.
The slime creature barely misses you.
Rupert hits you with a +2 great mace of protection!
You hit Rupert. You burn Rupert.
Rupert is severely wounded.
The slime creature hits you! Rupert completely misses you.
You hit Rupert. You burn Rupert.
Rupert is severely wounded.
You block the slime creature's attack.
Rupert hits you with a +2 great mace of protection!!!
* * * LOW HITPOINT WARNING * * *
Read: scroll of butterflies
Press: ? - help, Dir - look around, f - activate Look: Rupert, wielding a +2 great mace of protection and wearing a +1 ring mail of cold resistance (severely wounded, berserk, poisoned, slow, covered in acid)
As you read the scroll of butterflies, it crumbles to dust.
You hear the flapping of tiny wings.
The slime creature is knocked back by the sudden gust.
Rupert is knocked back by the sudden gust.
Rupert is no longer moving slowly.
You swap places.
Rupert hits your butterfly with a +2 great mace of protection!!
Your butterfly dies!
Your butterfly disappears in a burst of colours!
The slime creature closely misses your butterfly.
Your butterfly is engulfed in a thunderstorm.
You kill your butterfly!
Your butterfly disappears in a burst of colours!
You swap places.
Your butterfly is engulfed in blazing flames.
You kill your butterfly!
Your butterfly disappears in a burst of colours!
Your butterfly is engulfed in blazing flames.
You kill your butterfly!
Your butterfly disappears in a burst of colours!
Rupert hits you with a +2 great mace of protection!!
You die...

..............†....#
.........###..P#..##
#.P.....P# #....#.#
###.....####..###.#
##.b..#P....# .#
##bb..PP....## ..
#....b+......#
#..b...#P...P
##bb@b###....
#.°b@## ....


#b☼bbb# ... #.bb.b.b# ## ....bbbbbb## .....bbbb... ..b.b.bJ..... .#.#.#b........
.P.##.......... You could see Rupert (berserk, poisoned, corroded, ally target)
and a slime creature (ally target).

Vanquished Creatures
  Harold (Lair:2)
  A catoblepas (Lair:4)
  2 hydras
  An ogre mage (Volcano)
  8 two-headed ogres
  5 death yaks (Lair:3)
  A hell knight (Volcano)
  2 skysharks (Lair:3)
  3 elephants (Lair:4)
  2 torpor snails
  12 cane toads
  An unseen horror (D:11)
  Psyche (D:8)
  A gargoyle (D:11)
  4 rime drakes
  5 komodo dragons
  4 trolls
  Grinder (D:5)
  2 polar bears
  A hornet (D:10)
  15 blink frogs
  A slime creature (Lair:5)
  A spriggan (D:7)
  4 humans (D:9)
  4 wyverns
  A basilisk (Lair:1)
  4 wraiths
  36 yaks
  A naga (Lair:3)
  An acid dragon (D:11)
  18 water moccasins
  2 swamp drakes (Lair:5)
  3 black bears
  3 orc warriors
  An ice beast (D:4)
  2 sky beasts
  3 centaurs
  3 ogres
  A phantom (D:6)
  11 wolves
  13 bullfrogs
  3 scorpions
  5 wights (D:9)
  6 killer bees
  4 hounds
  3 orc priests
  A gnoll bouda (D:4)
  A jelly (D:5)
  6 iguanas
  2 sleepcaps
  5 orc wizards
  4 hell rats
  A gnoll (D:5)
  7 adders
  A shadow imp (D:7)
  A white imp (D:5)
  An ufetubus (D:4)
  3 worms (D:2)
  4 dart slugs
  38 orcs
  8 ball pythons
  3 endoplasms
  2 giant cockroaches
  5 goblins
  2 hobgoblins
  8 jackals
  A quokka (D:5)
  3 bats
  3 frilled lizards
  6 kobolds
  3 rats
326 creatures vanquished.

Vanquished Creatures (collateral kills)
  A lindwurm (Lair:5)
  A jelly (Lair:5)
2 creatures vanquished.

Grand Total: 328 creatures vanquished

Notes
Turn   | Place    | Note
-------+----------+-------------------------------------------
     0 | D:1      | Gabide the Merfolk Monk began the quest for the Orb.
     0 | D:1      | Reached XP level 1. HP: 18/18 MP: 1/1
   278 | D:1      | Reached XP level 2. HP: 13/24 MP: 2/2
   523 | D:1      | Found a faded altar of an unknown god.
   967 | D:2      | Reached XP level 3. HP: 30/30 MP: 3/3
   991 | D:2      | Identified the +5 robe "Meepioco" {-Tele Contam rPois
                  | rF+++}
  1613 | D:2      | Reached skill level 5 in Dodging
  1613 | D:2      | Reached XP level 4. HP: 35/37 MP: 4/4
  1982 | D:3      | Reached skill level 5 in Polearms
  2240 | D:3      | Found a shimmering altar of Xom.
  2247 | D:3      | Found a shimmering altar of Xom.
  2257 | D:3      | Found a shimmering altar of Xom.
  2258 | D:3      | Found a shimmering altar of Xom.
  2689 | D:4      | Noticed a black bear
  2703 | D:4      | Killed a black bear
  2704 | D:4      | Reached XP level 5. HP: 29/43 MP: 5/5
  2835 | D:4      | Reached skill level 5 in Fighting
  2835 | D:4      | Reached XP level 6. HP: 20/51 MP: 6/6
  3105 | D:4      | Noticed an ice beast
  3141 | D:4      | Killed an ice beast
  3210 | D:4      | Found an ancient bone altar of Kikubaaqudgha.
  3301 | D:4      | Reached XP level 7. HP: 53/56 MP: 7/7
  3559 | D:4      | Found a broken altar of Ashenzari.
  4059 | D:5      | Entered Level 5 of the Dungeon
  4274 | D:5      | Noticed Grinder
  4274 | D:5      | Paralysed by Grinder for 3 turns
  4293 | D:5      | Paralysed by Grinder for 3 turns
  4310 | D:5      | Killed Grinder
  4311 | D:5      | Reached XP level 8. HP: 64/65 MP: 8/8
  5006 | D:6      | Found a sparkling altar of Nemelex Xobeh.
  5530 | D:6      | Reached XP level 9. HP: 61/73 MP: 9/9
  5632 | D:6      | Found an opulent altar of Gozag.
  6294 | D:7      | Noticed Nimbul's ghost (novice HuCj)
  6296 | D:7      | Noticed a troll
  6380 | D:7      | Reached skill level 10 in Polearms
  6380 | D:7      | Reached skill level 10 in Dodging
  6467 | D:7      | Found a staircase to the Ecumenical Temple.
  6496 | Temple   | Entered the Ecumenical Temple
  6692 | D:7      | Found a stormy altar of Qazlal.
  6735 | D:7      | Found a transporter.
  6739 | D:7      | Found a transporter.
  6891 | D:8      | Found Utap's Jewellery Shoppe.
  6892 | D:8      | Noticed Psyche
  6905 | D:8      | Killed Psyche
  6949 | D:8      | Bought an amulet of regeneration for 420 gold pieces
  7219 | D:8      | Found a shadowy altar of Dithmenos.
  7224 | D:8      | Found a runed translucent gate.
  7224 | D:8      | Found a runed translucent gate.
  7224 | D:8      | Found a runed translucent gate.
  7227 | D:8      | Noticed VerbalBBQ's ghost (novice FoFi)
  7227 | D:8      | Noticed Ijustatesigmund's ghost (novice OpCj)
  7228 | D:8      | Noticed VerbalBBQ's ghost (novice FoFi)
  7228 | D:8      | Noticed VerbalBBQ's ghost (novice FoFi)
  7422 | D:9      | Noticed a two-headed ogre
  7422 | D:9      | Noticed a two-headed ogre
  7549 | D:9      | Reached XP level 10. HP: 75/83 MP: 10/10
  7746 | D:9      | Found a transporter.
  7776 | D:9      | Killed a two-headed ogre
  7777 | D:9      | Reached skill level 10 in Fighting
  7799 | D:9      | Killed a two-headed ogre
  7868 | D:9      | Found a transporter.
  7878 | D:9      | Found a bloodstained altar of Trog.
  7878 | D:9      | Noticed a moth of wrath
  7890 | D:9      | Noticed a two-headed ogre
  7891 | D:9      | Noticed a tengu warrior
  7893 | D:9      | Noticed bimbombam's ghost (novice DrCj)
  8203 | D:10     | Entered Level 10 of the Dungeon
  8495 | D:10     | Found a hazy altar of Hepliaklqana.
  8589 | D:10     | Reached skill level 1 in Invocations
  8659 | D:10     | Found a bloodstained altar of Trog.
  8710 | D:10     | Reached skill level 2 in Invocations
  8989 | D:7      | Became a worshipper of Qazlal Stormbringer
  8989 | D:7      | Reached * piety under Qazlal
  8989 | D:7      | Reached ** piety under Qazlal
  9121 | D:11     | Found a staircase to the Orcish Mines.
  9130 | D:11     | Reached XP level 11. HP: 95/95 MP: 12/12
  9145 | D:11     | Reached skill level 3 in Invocations
  9208 | D:11     | Reached skill level 4 in Invocations
  9297 | D:11     | Reached skill level 5 in Invocations
  9323 | D:11     | Reached skill level 6 in Invocations
  9531 | D:11     | Reached skill level 7 in Invocations
  9555 | D:11     | Found a staircase to the Lair.
  9881 | Lair:1   | Entered Level 1 of the Lair of Beasts
  9943 | Lair:1   | Found a dark tunnel.
 10037 | Volcano  | Entered a volcano
 10053 | Volcano  | Noticed an ogre mage
 10129 | Volcano  | Noticed a two-headed ogre
 10131 | Volcano  | Noticed a two-headed ogre
 10131 | Volcano  | Noticed a two-headed ogre
 10144 | Volcano  | Killed a two-headed ogre
 10145 | Volcano  | Reached skill level 8 in Invocations
 10155 | Volcano  | Killed a two-headed ogre
 10156 | Volcano  | Reached skill level 9 in Invocations
 10201 | Volcano  | Found a bloodstained altar of Trog.
 10202 | Volcano  | Noticed a hell knight
 10204 | Volcano  | Paralysed by an ogre mage for 2 turns
 10219 | Volcano  | Killed a two-headed ogre
 10229 | Volcano  | Killed an ogre mage
 10230 | Volcano  | Reached skill level 10 in Invocations
 10273 | Volcano  | Killed a hell knight
 10308 | Volcano  | Noticed a two-headed ogre
 10308 | Volcano  | Noticed a two-headed ogre
 10315 | Volcano  | Killed a two-headed ogre
 10316 | Volcano  | Reached skill level 11 in Invocations
 10316 | Volcano  | Reached XP level 12. HP: 101/102 MP: 18/20
 10318 | Volcano  | Noticed a two-headed ogre
 10327 | Volcano  | Killed a two-headed ogre
 10335 | Volcano  | Killed a two-headed ogre
 10449 | Lair:1   | Reached skill level 12 in Invocations
 10740 | Lair:1   | Reached *** piety under Qazlal
 10798 | Lair:1   | Reached skill level 13 in Invocations
 11430 | Lair:2   | Reached skill level 14 in Invocations
 11431 | Lair:2   | Noticed Harold
 11445 | Lair:2   | Killed Harold
 11719 | Lair:2   | Reached skill level 15 in Invocations
 11812 | Lair:2   | Reached XP level 13. HP: 108/108 MP: 24/24
 12546 | Lair:3   | Reached skill level 16 in Invocations
 12635 | Lair:3   | Found the +10 Black Knight's barding {ponderous, rPois rN+}
 12755 | Lair:3   | Reached **** piety under Qazlal
 12838 | Lair:3   | Found a staircase to the Snake Pit.
 12920 | Lair:3   | Reached skill level 17 in Invocations
 13084 | Lair:3   | Found a staircase to the Shoals.
 13643 | Lair:4   | Identified the +0 ring mail of Narcissism {Int+4}
 13752 | Lair:4   | Reached skill level 18 in Invocations
 14275 | Lair:5   | Entered Level 5 of the Lair of Beasts
 14444 | Lair:5   | Reached XP level 14. HP: 115/115 MP: 27/27
 14499 | Lair:5   | Noticed Rupert
 14500 | Lair:5   | Paralysed by Rupert for 5 turns
 14523 | Lair:5   | Mangled by Rupert

Illustrated notes

Levels and vault maps discovered:
D:1:      doesnt_arrival_eight_statues, layout_loops_ring,
          ebering_ecumenical_altar_abandoned
D:2:      layout_loops_ring
D:3:      layout_rooms, xom_redecorated
D:4:      layout_basic, lemuel_tele_altar, lemuel_crystal_altar,
          wad_floor_pattern_2, kennysheep_diamond
D:5:      layout_basic, minmay_checkerbox, uniq_grinder
D:6:      layout_loops_corners, nicolae_gozag_cash_rules_everything_around_me,
          amcnicky_altar_gilded
D:7:      dreamdust_elfheim, layout_rooms, nicolae_qazlal_eye_of_the_storm,
          minmay_temple_entry_overgrown, gammafunk_ghost_arena, the_hattery
D:8:      layout_rooms, mainiacjoe_overflow_small_starburst, serial_shops, shop,
          gammafunk_ghost_cemetery, minmay_tree_intersection, uniq_psyche
D:9:      layout_basic, gammafunk_ghost_wrathful_warriors, minmay_ruffians
D:10:     layout_irregular_city, mainiacjoe_overflow_alcove_2,
          lemuel_round_altar
D:11:     layout_long_grid, lair_entry_dummy, david_orc_2
Temple:   hellmonk_temple_forest_ring
Lair:1:   layout_chaotic_city, nicolae_volcano_entry_hallway,
          grunt_megastairs_2, infiniplex_staircase_pool
Lair:2:   layout_cave_pods, infiniplex_staircase_pool_2, lemuel_fruit_tree,
          uniq_harold
Lair:3:   layout_roguey, minmay_shoals_entry_centaurs,
          guppyfry_snake_entry_island
Lair:4:   layout_gridlike, lemuel_old_faithful
Lair:5:   hangedman_lair_in_review, layout_regular_city,
          guppyfry_lair_end_dragon, minmay_slime_entry_pillars, uniq_rupert

Skill      XL: |  1  2  3  4  5  6  7  8  9 10 11 12 13 14 |
---------------+-------------------------------------------+-----
Fighting       | 4 5 6 7 9 12 | 12.0
Dodging        | 5 6 8 9 11 12 | 12.0
Polearms       | 5 6 8 9 11 12 13 14 | 14.3
Invocations    | 2 11 15 18 | 18.0

Action                     |  1- 3 |  4- 6 |  7- 9 | 10-12 | 13-15 || total
---------------------------+-------+-------+-------+-------+-------++-------
  Melee: Spear             |   130 |   117 |   422 |   736 |   511 ||  1916
         Glaive            |       |       |       |       |    94 ||    94
         Tailslap          |       |       |       |       |     5 ||     5
  Throw: Throwing net      |       |       |       |     2 |     1 ||     3
         Dart              |       |       |       |       |     1 ||     1
 Invoke: Upheaval          |       |       |       |       |     1 ||     1
         Elemental Force   |       |       |       |       |     2 ||     2
  Evoke: Wand              |       |       |       |    12 |     2 ||    14
    Use: Scroll            |     3 |    10 |     6 |    11 |     6 ||    36
         Potion            |       |       |     1 |     2 |       ||     3
   Stab: Paralysed         |       |       |       |    25 |       ||    25
         Held in net/web   |       |       |       |     2 |       ||     2
         Fleeing           |       |       |       |     1 |       ||     1
         Petrified         |       |       |       |       |     3 ||     3
 Armour: Robe              |    13 |    31 |    89 |    71 |   107 ||   311
         Ring mail         |     4 |       |       |       |       ||     4
  Dodge: Dodged            |    49 |    65 |   190 |   344 |   364 ||  1012
         Repelled          |       |       |       |       |     2 ||     2
  Block: Orb               |       |       |       |    45 |    79 ||   124
         Other             |       |       |       |       |    27 ||    27
